 Dungeon Crawl Stone Soup version 0.26-a0-980-g0fe3eaa9ac (console) character file.

Game seed: 17773060105068843644

655 jejorda2 the Slasher (level 7, -3/91 HPs)
             Began as a White Draconian Berserker on Dec 5, 2020.
             Was a Priest of Trog.
             Slain by Menkaure (17 damage)
             ... on level 5 of the Dungeon.
             The game lasted 00:08:50 (4658 turns).

jejorda2 the Slasher (White Draconian Berserker)    Turns: 4658, Time: 00:08:51

Health: -3/91      AC:  8    Str: 19    XL:     7   Next: 29%
Magic:  7/7        EV: 14    Int:  8    God:    Trog [***...]
Gold:   163        SH:  0    Dex: 12    Spells: 6/6 levels left

rFire    . . .     SeeInvis .   a - +0 falchion
rCold    + + .     Faith    .   (no shield)
rNeg     . . .     Spirit   .   (armour unavailable)
rPois    .         Reflect  .   (helmet restricted)
rElec    .         Harm     .   t - +0 cloak
rCorr    .         Rampage  .   p - +0 pair of gloves
MR       +++..                  (no boots)
Stlth    ..........             (no amulet)
HPRegen  1.25/turn              b - ring of protection from magic
MPRegen  0.10/turn              l - ring of protection from cold

@: berserking, regenerating, very quick
A: breathe frost, unfitting armour, cold resistance 1, cold-blooded, AC +6
a: Breathe Frost, Berserk, Trog's Hand, Renounce Religion


You were on level 5 of the Dungeon.
You worshipped Trog.
Trog was most pleased with you.
You visited 1 branch of the dungeon, and saw 5 of its levels.

You collected 163 gold pieces.

Inventory:

Hand Weapons
 a - a +0 falchion (weapon)
Missiles
 f - 234 stones
 r - 46 poisoned darts (quivered)
Armour
 p - a +0 pair of gloves (worn)
 t - a +0 cloak (worn)
Jewellery
 b - a ring of protection from magic (left hand)
 l - a ring of protection from cold (right hand)
Scrolls
 d - 8 scrolls of identify {unknown}
 e - 4 scrolls of teleportation {unknown}
 m - a scroll of enchant weapon {unknown}
 n - a scroll of fear {unknown}
 q - a scroll of immolation {unknown}
 s - a scroll of blinking {unknown}
 u - 3 scrolls of remove curse {unknown}
 v - a scroll of fog {unknown}
Potions
 c - 5 potions of curing {unknown}
 g - 2 potions of attraction {unknown}
 h - 2 potions of degeneration {unknown}
 i - a potion of cancellation {unknown}
 j - a potion of mutation {unknown}
 k - a potion of heal wounds {unknown}
 o - a potion of resistance {unknown}


   Skills:
 + Level 5.4 Fighting
 * Level 6.4 Long Blades
 + Level 4.4 Dodging


You had 6 spell levels left.
You didn't know any spells.
Your spell library was empty.

Dungeon Overview and Level Annotations

Branches:
Dungeon (5/15)
 Temple: D:4-7

Altars:
Ashenzari
Qazlal
Trog

Annotations:
D:5 Menkaure


Innate Abilities, Weirdness & Mutations

You can breathe waves of freezing cold.
You can buffet flying creatures when you breathe cold.
Your icy white scales are hard. (AC +6)
You cannot fit into any form of body armour.
Your flesh is cold resistant. (rC+)
You are cold-blooded and may be slowed by cold attacks.


Message History

Menkaure seems to speed up.
You slash Menkaure!
Menkaure is moderately damaged.
You barely miss Menkaure.
Menkaure is moderately damaged.
Menkaure hits you.
You slash Menkaure!
Menkaure is severely damaged.
Menkaure calls on the powers of darkness!
Your body is wracked with pain!
* * * LOW HITPOINT WARNING * * *
You barely miss Menkaure.
Menkaure is severely damaged.
Menkaure calls on the powers of darkness!
Your body is wracked with pain!
* * * LOW HITPOINT WARNING * * *
You hit Menkaure.
Menkaure is severely damaged.
Menkaure hits you!
You die...

##........#......#
##.........#......#
....#.....$#..>...#
..................#
...........#......#
$.........#......#
#.#......########
#........#
###.(@...#
#......M####
..#####.# #.? #..
#... #... #####


You could see Menkaure (fast).

Vanquished Creatures
  A sky beast (D:3)
  2 ogres
  An orc priest (D:3)
  An orc wizard (D:4)
  2 bullfrog skeletons (D:4)
  An iguana (D:4)
  A worker ant (D:4)
  A hound skeleton (D:4)
  A howler monkey skeleton (D:5)
  12 adders
  2 worms
  3 dart slugs
  2 leopard geckos
  9 orcs
  10 bats
  3 giant cockroaches
  7 hobgoblins
  9 jackals
  5 kobolds
  A quokka (D:2)
  A ball python (D:1)
  5 frilled lizards
  12 goblins
  6 rats
98 creatures vanquished.

Notes
Turn   | Place    | Note
-------+----------+-------------------------------------------
     0 | D:1      | jejorda2 the Draconian Berserker began the quest for the
                  | Orb.
     0 | D:1      | Reached XP level 1. HP: 19/19 MP: 1/1
   233 | D:1      | Reached XP level 2. HP: 26/26 MP: 2/2
   903 | D:2      | Reached XP level 3. HP: 33/33 MP: 3/3
  1180 | D:2      | Found a faded altar of an unknown god.
  1188 | D:2      | Found a stormy altar of Qazlal.
  1469 | D:2      | Reached skill level 4 in Long Blades
  1517 | D:2      | Reached XP level 4. HP: 40/40 MP: 4/4
  1617 | D:2      | Reached ** piety under Trog
  2440 | D:3      | Noticed a sky beast
  2462 | D:3      | Killed a sky beast
  2463 | D:3      | Reached skill level 5 in Long Blades
  2463 | D:3      | Reached XP level 5. HP: 47/47 MP: 5/5
  3061 | D:3      | Found a bloodstained altar of Trog.
  3104 | D:3      | Reached XP level 6. HP: 43/53 MP: 6/6
  3999 | D:4      | Reached skill level 5 in Fighting
  4260 | D:4      | Found a broken altar of Ashenzari.
  4266 | D:4      | Reached *** piety under Trog
  4314 | D:4      | Reached skill level 6 in Long Blades
  4314 | D:4      | Your scales start taking on an icy white colour.
  4314 | D:4      | Reached XP level 7. HP: 61/61 MP: 7/7
  4314 | D:4      | Gained mutation: Your flesh is cold resistant. (rC+) [White
                  | Draconian growth]
  4470 | D:5      | Entered Level 5 of the Dungeon
  4650 | D:5      | Noticed Menkaure
  4658 | D:5      | Slain by Menkaure

Illustrated notes

Levels and vault maps discovered:
D:1:      lightli_iron_boxes, layout_rooms, minmay_ruptured
D:2:      layout_basic, grunt_qazlal_clouds, chequers_ecumenical_altar_island
D:3:      layout_rooms, lemuel_crystal_altar
D:4:      layout_loops_ring, ashenzari_altar_1, kennysheep_windowed_goal
D:5:      layout_rooms, grunt_temple_overflow_holy_war, uniq_menkaure

Skill      XL: |  1  2  3  4  5  6 |
---------------+-------------------+-----
Dodging        | 3 4 |  4.4
Long Blades    | 4 5 6 |  6.4
Fighting       | 4 5 |  5.4

Action                   |  1- 3 |  4- 6 |  7- 9 || total
-------------------------+-------+-------+-------++-------
Melee: Falchion          |    82 |   183 |    29 ||   294
       Tailslap          |     8 |    27 |     3 ||    38
Throw: Stone             |    17 |    58 |     3 ||    78
       Dart              |       |     9 |     6 ||    15
Invok: Berserk           |       |     5 |     2 ||     7
       Trog's Hand       |       |       |     1 ||     1
Armor: Skin              |    23 |    52 |    10 ||    85
Dodge: Dodged            |    61 |   103 |    17 ||   181
       Rpst.: Falchion   |    23 |    27 |     6 ||    56

Table legend: (Time is in decaauts)
 A = Elapsed time spent in this place.
 B = Non-inter-level travel time spent in this place.
 C = Inter-level travel time spent in this place.
 D = Time resting spent in this place.
 E = Time spent auto-exploring this place.
 F = Levels seen in this place.
 G = Mean time per level.
                   A        B        C        D        E       F      G
               +--------+--------+--------+--------+--------+-----+--------+
         Total |   4739 |   4608 |    131 |    342 |   3467 |   5 |  947.8 |
       Dungeon |   4739 |   4608 |    131 |    342 |   3467 |   5 |  947.8 |
               +--------+--------+--------+--------+--------+-----+--------+

Top non-repeatable levels by time:
     D:3: 1406 daAuts
     D:4: 1167 daAuts
     D:2: 1071 daAuts
     D:1: 898 daAuts
     D:5: 195 daAuts
